[ AOE2 MATCH · #480001665 ]
UnrankedJapanese vs Mongols
[ REPLAY ANALYSIS · EXTRACTED FROM THE RECORDED GAME ]
Feudal
14:44
Castle
18:41
Imperial
—
| APM avg | 28.4 |
| APM peak | 52 |
| eAPM avg | 18.0 |
| Villagers / military | 67 / 12 |
Focus
⚔️ 32.3% · 🌾 67.7%
Mangonel ×9 · Samurai ×3
Feudal
13:35
Castle
17:05
Imperial
39:10
| APM avg | 40.6 |
| APM peak | 75 |
| eAPM avg | 19.5 |
| Villagers / military | 111 / 44 |
Focus
⚔️ 31.7% · 🌾 68.3%
Mangudai ×44
Feudal
14:31
Castle
19:18
Imperial
—
| APM avg | 27.5 |
| APM peak | 55 |
| eAPM avg | 18.3 |
| Villagers / military | 111 / 24 |
Focus
⚔️ 15.6% · 🌾 84.4%
Petard ×15 · Conquistador ×7 · Mangonel ×1 · Battering Ram ×1
Feudal
15:06
Castle
20:49
Imperial
40:33
| APM avg | 29.2 |
| APM peak | 56 |
| eAPM avg | 15.2 |
| Villagers / military | 111 / 32 |
Focus
⚔️ 12.7% · 🌾 87.3%
Camel Archer ×32
Feudal
15:10
Castle
19:04
Imperial
—
| APM avg | 34.7 |
| APM peak | 73 |
| eAPM avg | 14.5 |
| Villagers / military | 92 / 59 |
Focus
⚔️ 36.4% · 🌾 63.6%
Arambai ×54 · Mangonel ×5
Feudal
12:49
Castle
17:58
Imperial
—
| APM avg | 31.7 |
| APM peak | 92 |
| eAPM avg | 15.9 |
| Villagers / military | 77 / 39 |
Focus
⚔️ 35.0% · 🌾 65.0%
Battering Ram ×11 · Scorpion ×10 · Camel Scout ×10 · Mangudai ×7 · Mangonel ×1
Feudal
13:18
Castle
21:35
Imperial
34:31
| APM avg | 24.2 |
| APM peak | 57 |
| eAPM avg | 11.2 |
| Villagers / military | 95 / 37 |
Focus
⚔️ 19.6% · 🌾 80.4%
Kamayuk ×34 · Unknown (2550) ×12 · Mangonel ×2 · Trebuchet (Packed) ×1
Feudal
12:58
Castle
18:51
Imperial
34:18
| APM avg | 19.3 |
| APM peak | 30 |
| eAPM avg | 11.4 |
| Villagers / military | 114 / 125 |
Focus
⚔️ 16.8% · 🌾 83.2%
Knight ×125
Match map
Initial resources + every placement click. Lines = walls · curves = elevation contours. ◆ gold · ⬟ stone · ● berries · ✦ relic · ◌ wall gap
Your base· Open — unwalled flank
ShellyBlackJack's base· Open — unwalled flank
Alina's base· Open — unwalled flank
Ch1ppy's base· Open — unwalled flank
ScORpIoN's base· ✓ Closed at 19:04 · 37t walls · 2 gate(s) · fragile
Professor Christophe's base· Open — unwalled flank
seyfildur's base· Open — unwalled flank
4-_-Dreams's base· Open — unwalled flank
Smoothed initial terrain · ◌ = detected wall gap · hover for details
Inputs per minute
— Raggamuffin' - - ShellyBlackJack
Build order — Raggamuffin'
First 150 of 172 actions detected
| 0:15 | Build | Town Center |
| 0:32 | Build | Lumber Camp |
| 0:49 | Build | House |
| 1:01 | Build | Palisade Wall |
| 2:19 | Create | Villager (Male) |
| 2:20 | Create | Villager (Male) |
| 2:20 | Create | Villager (Male) |
| 2:20 | Create | Villager (Male) |
| 2:20 | Create | Villager (Male) |
| 4:04 | Create | Villager (Male) |
| 4:05 | Create | Villager (Male) |
| 4:05 | Create | Villager (Male) |
| 5:05 | Create | Villager (Male) |
| 5:06 | Create | Villager (Male) |
| 5:06 | Research | Loom |
| 5:20 | Create | Villager (Male) |
| 5:20 | Create | Villager (Male) |
| 5:51 | Build | House |
| 5:52 | Build | House |
| 5:53 | Create | Villager (Male) |
| 5:54 | Create | Villager (Male) |
| 6:15 | Create | Villager (Male) |
| 6:31 | Create | Villager (Male) |
| 6:31 | Create | Villager (Male) |
| 6:46 | Create | Villager (Male) |
| 6:47 | Create | Villager (Male) |
| 7:05 | Create | Villager (Male) |
| 8:07 | Build | Mill |
| 8:28 | Create | Villager (Male) |
| 8:28 | Create | Villager (Male) |
| 8:28 | Create | Villager (Male) |
| 8:38 | Create | Villager (Male) |
| 8:38 | Create | Villager (Male) |
| 8:55 | Create | Villager (Male) |
| 9:05 | Build | House |
| 9:08 | Build | Palisade Wall |
| 9:52 | Build | Palisade Wall |
| 9:54 | Build | Palisade Wall |
| 9:56 | Build | Palisade Wall |
| 10:28 | Create | Villager (Male) |
| 10:28 | Create | Villager (Male) |
| 10:29 | Create | Villager (Male) |
| 10:29 | Create | Villager (Male) |
| 10:45 | Create | Villager (Male) |
| 10:51 | Build | Mill |
| 11:05 | Build | House |
| 11:31 | Create | Villager (Male) |
| 11:49 | Build | Mining Camp |
| 12:34 | Research | Feudal Age |
| 12:35 | Research | Feudal Age |
| 13:35 | Build | Mill |
| 13:55 | Build | Outpost |
| 13:58 | Create | Villager (Male) |
| 14:07 | Build | Mill |
| 14:34 | Build | House |
| 14:44 | Age | Feudal Age |
| 14:51 | Build | Market |
| 14:56 | Build | Blacksmith |
| 15:06 | Build | Mining Camp |
| 15:09 | Create | Villager (Male) |
| 15:36 | Create | Villager (Male) |
| 15:58 | Research | Castle Age |
| 15:58 | Research | Castle Age |
| 16:45 | Build | House |
| 16:46 | Build | Palisade Wall |
| 16:46 | Build | Palisade Wall |
| 16:47 | Build | Palisade Wall |
| 16:52 | Build | Palisade Wall |
| 16:53 | Build | Palisade Wall |
| 16:56 | Build | Palisade Wall |
| 16:58 | Create | Villager (Male) |
| 17:07 | Build | House |
| 17:30 | Research | Double-Bit Axe |
| 17:30 | Research | Double-Bit Axe |
| 17:32 | Create | Villager (Male) |
| 18:05 | Build | Mill |
| 18:41 | Age | Castle Age |
| 18:51 | Build | Castle |
| 19:12 | Create | Villager (Male) |
| 19:13 | Create | Villager (Male) |
| 19:17 | Create | Villager (Male) |
| 19:42 | Build | Siege Workshop |
| 20:29 | Build | Farm |
| 20:46 | Research | Fletching |
| 20:46 | Research | Fletching |
| 20:51 | Create | Villager (Male) |
| 20:56 | Build | Farm |
| 20:59 | Build | Farm |
| 21:03 | Create | Villager (Male) |
| 21:03 | Create | Villager (Male) |
| 21:14 | Create | Villager (Male) |
| 21:23 | Build | Outpost |
| 21:28 | Build | Farm |
| 21:42 | Create | Villager (Male) |
| 21:50 | Build | Farm |
| 21:51 | Create | Villager (Male) |
| 22:00 | Create | Villager (Male) |
| 22:27 | Build | Watch Tower |
| 22:37 | Build | House |
| 22:39 | Build | House |
| 23:21 | Create | Mangonel |
| 23:35 | Create | Samurai |
| 23:35 | Create | Samurai |
| 23:36 | Create | Samurai |
| 23:52 | Create | Villager (Male) |
| 24:10 | Create | Villager (Male) |
| 24:16 | Build | Farm |
| 24:18 | Build | Farm |
| 24:21 | Build | Farm |
| 24:41 | Build | House |
| 24:44 | Build | Palisade Wall |
| 24:46 | Create | Villager (Male) |
| 25:08 | Build | House |
| 26:12 | Build | Town Center |
| 26:23 | Build | Lumber Camp |
| 26:33 | Build | House |
| 26:35 | Build | House |
| 27:06 | Create | Villager (Male) |
| 27:07 | Create | Villager (Male) |
| 27:08 | Create | Villager (Male) |
| 27:18 | Build | House |
| 27:21 | Create | Villager (Male) |
| 27:31 | Build | Farm |
| 27:42 | Build | Farm |
| 27:44 | Build | Farm |
| 27:44 | Create | Villager (Male) |
| 27:47 | Build | House |
| 27:51 | Create | Mangonel |
| 27:51 | Create | Mangonel |
| 27:56 | Create | Villager (Male) |
| 28:06 | Build | Farm |
| 30:13 | Create | Villager (Male) |
| 30:18 | Create | Villager (Male) |
| 30:19 | Create | Villager (Male) |
| 30:56 | Research | Horse Collar |
| 31:02 | Build | House |
| 31:04 | Build | Palisade Wall |
| 31:13 | Create | Villager (Male) |
| 32:23 | Create | Mangonel |
| 32:30 | Create | Mangonel |
| 32:33 | Create | Villager (Male) |
| 32:36 | Build | Farm |
| 33:37 | Create | Mangonel |
| 34:32 | Create | Villager (Male) |
| 34:33 | Create | Villager (Male) |
| 34:35 | Research | Gold Mining |
| 34:49 | Build | Mill |
| 34:50 | Build | Farm |
| 34:50 | Build | Farm |
| 34:51 | Build | Farm |
Build order — ShellyBlackJack
First 150 of 300 actions detected
| 0:24 | Build | Town Center |
| 0:40 | Build | Town Center |
| 2:24 | Build | House |
| 2:32 | Build | House |
| 2:40 | Create | Villager (Male) |
| 2:40 | Create | Villager (Male) |
| 2:40 | Create | Villager (Male) |
| 2:41 | Create | Villager (Male) |
| 4:10 | Research | Loom |
| 4:30 | Create | Villager (Male) |
| 4:38 | Create | Villager (Male) |
| 5:14 | Create | Villager (Male) |
| 5:45 | Create | Villager (Male) |
| 5:46 | Create | Villager (Male) |
| 5:46 | Create | Villager (Male) |
| 5:48 | Create | Villager (Male) |
| 6:05 | Create | Villager (Male) |
| 6:40 | Create | Villager (Male) |
| 6:47 | Build | House |
| 7:11 | Create | Villager (Male) |
| 7:11 | Create | Villager (Male) |
| 7:19 | Create | Villager (Male) |
| 7:20 | Create | Villager (Male) |
| 7:28 | Create | Villager (Male) |
| 8:09 | Create | Villager (Male) |
| 8:18 | Build | House |
| 8:35 | Create | Villager (Male) |
| 8:35 | Create | Villager (Male) |
| 8:36 | Create | Villager (Male) |
| 8:59 | Create | Villager (Male) |
| 9:33 | Build | Mill |
| 10:21 | Create | Villager (Male) |
| 10:22 | Create | Villager (Male) |
| 10:22 | Create | Villager (Male) |
| 10:22 | Create | Villager (Male) |
| 10:32 | Build | Lumber Camp |
| 11:10 | Research | Feudal Age |
| 11:40 | Create | Villager (Male) |
| 11:40 | Create | Villager (Male) |
| 12:20 | Build | House |
| 12:25 | Build | House |
| 12:43 | Build | Mining Camp |
| 13:35 | Age | Feudal Age |
| 13:38 | Build | Market |
| 13:41 | Build | Blacksmith |
| 14:06 | Build | Palisade Gate |
| 14:08 | Build | House |
| 14:17 | Build | Mill |
| 14:24 | Research | Castle Age |
| 14:36 | Research | Double-Bit Axe |
| 14:46 | Research | Horse Collar |
| 14:48 | Create | Villager (Male) |
| 14:49 | Create | Villager (Male) |
| 14:56 | Create | Villager (Male) |
| 17:05 | Age | Castle Age |
| 17:05 | Research | Bow Saw |
| 17:07 | Research | Heavy Plow |
| 17:07 | Create | Villager (Male) |
| 17:17 | Build | Castle |
| 17:31 | Create | Villager (Male) |
| 17:40 | Create | Villager (Male) |
| 18:20 | Create | Mangudai |
| 18:22 | Create | Mangudai |
| 18:23 | Create | Villager (Male) |
| 18:52 | Build | University |
| 19:05 | Research | Fletching |
| 19:10 | Create | Mangudai |
| 19:24 | Create | Villager (Male) |
| 19:25 | Create | Villager (Male) |
| 19:27 | Create | Villager (Male) |
| 19:39 | Create | Mangudai |
| 19:57 | Create | Villager (Male) |
| 20:07 | Create | Mangudai |
| 20:10 | Build | House |
| 20:16 | Build | Barracks |
| 20:18 | Create | Mangudai |
| 20:29 | Create | Mangudai |
| 20:30 | Create | Villager (Male) |
| 20:37 | Research | Wheelbarrow |
| 20:40 | Research | Gold Mining |
| 20:52 | Build | Mill |
| 21:06 | Build | House |
| 21:16 | Create | Mangudai |
| 21:28 | Create | Mangudai |
| 21:31 | Build | House |
| 21:32 | Build | House |
| 21:41 | Create | Mangudai |
| 22:09 | Create | Mangudai |
| 22:36 | Create | Mangudai |
| 22:45 | Build | Palisade Gate |
| 22:47 | Build | House |
| 22:51 | Build | Stable |
| 22:57 | Build | Lumber Camp |
| 23:00 | Create | Villager (Male) |
| 23:00 | Create | Villager (Male) |
| 23:14 | Create | Mangudai |
| 23:18 | Research | Padded Archer Armor |
| 23:28 | Build | Lumber Camp |
| 23:31 | Create | Mangudai |
| 23:37 | Create | Villager (Male) |
| 23:44 | Create | Mangudai |
| 23:54 | Create | Villager (Male) |
| 23:55 | Create | Mangudai |
| 24:02 | Create | Mangudai |
| 24:14 | Create | Mangudai |
| 24:16 | Create | Villager (Male) |
| 24:23 | Create | Mangudai |
| 24:32 | Research | Husbandry |
| 24:42 | Create | Mangudai |
| 24:50 | Build | Lumber Camp |
| 24:52 | Build | Farm |
| 24:52 | Build | Farm |
| 24:53 | Build | Farm |
| 24:53 | Build | Farm |
| 24:53 | Build | Farm |
| 25:07 | Create | Mangudai |
| 25:08 | Create | Villager (Male) |
| 25:21 | Create | Mangudai |
| 25:23 | Create | Mangudai |
| 25:28 | Create | Villager (Male) |
| 25:33 | Create | Villager (Male) |
| 25:38 | Build | Mining Camp |
| 25:54 | Build | House |
| 25:56 | Build | House |
| 25:56 | Build | House |
| 26:05 | Create | Villager (Male) |
| 26:14 | Create | Villager (Male) |
| 26:19 | Build | Town Center |
| 26:28 | Build | Mill |
| 26:35 | Build | House |
| 26:35 | Build | House |
| 26:42 | Create | Mangudai |
| 26:46 | Create | Villager (Male) |
| 26:47 | Create | Villager (Male) |
| 26:59 | Build | Gate |
| 27:01 | Build | House |
| 27:02 | Build | House |
| 27:11 | Create | Villager (Male) |
| 27:18 | Build | Farm |
| 27:39 | Research | Ballistics |
| 27:46 | Create | Mangudai |
| 28:20 | Create | Villager (Male) |
| 28:24 | Create | Mangudai |
| 28:28 | Research | Bodkin Arrow |
| 28:43 | Build | Farm |
| 28:43 | Build | Farm |
| 28:44 | Build | Farm |
| 28:59 | Create | Villager (Male) |
| 29:07 | Build | Town Center |
| 29:11 | Research | Leather Archer Armor |
Build order — Alina
First 150 of 293 actions detected
| 0:11 | Build | House |
| 0:24 | Build | Town Center |
| 0:44 | Build | House |
| 1:22 | Build | Lumber Camp |
| 1:58 | Build | Palisade Wall |
| 1:59 | Build | Palisade Wall |
| 2:28 | Create | Villager (Male) |
| 2:28 | Create | Villager (Male) |
| 2:29 | Create | Villager (Male) |
| 2:29 | Create | Villager (Male) |
| 3:51 | Create | Villager (Male) |
| 4:20 | Research | Loom |
| 4:39 | Create | Villager (Male) |
| 5:21 | Create | Villager (Male) |
| 5:22 | Create | Villager (Male) |
| 5:37 | Create | Villager (Male) |
| 6:32 | Create | Villager (Male) |
| 6:46 | Create | Villager (Male) |
| 6:49 | Build | House |
| 6:50 | Build | House |
| 7:22 | Create | Villager (Male) |
| 7:22 | Create | Villager (Male) |
| 8:29 | Create | Villager (Male) |
| 8:29 | Create | Villager (Male) |
| 8:30 | Create | Villager (Male) |
| 8:30 | Create | Villager (Male) |
| 9:17 | Create | Villager (Male) |
| 9:18 | Create | Villager (Male) |
| 9:33 | Build | Outpost |
| 10:26 | Build | Mill |
| 11:02 | Create | Villager (Male) |
| 11:18 | Create | Villager (Male) |
| 11:40 | Create | Villager (Male) |
| 12:21 | Research | Feudal Age |
| 12:29 | Build | Mining Camp |
| 13:16 | Build | House |
| 13:17 | Build | House |
| 13:26 | Build | Palisade Wall |
| 13:30 | Build | Palisade Gate |
| 13:34 | Create | Villager (Male) |
| 13:35 | Create | Villager (Male) |
| 14:18 | Build | Farm |
| 14:19 | Build | Farm |
| 14:20 | Build | Farm |
| 14:21 | Build | Farm |
| 14:23 | Build | Farm |
| 14:27 | Create | Villager (Male) |
| 14:28 | Create | Villager (Male) |
| 14:31 | Age | Feudal Age |
| 14:46 | Build | Market |
| 14:51 | Build | Palisade Wall |
| 15:01 | Build | Blacksmith |
| 15:10 | Build | Farm |
| 15:11 | Build | Farm |
| 15:14 | Build | Farm |
| 15:34 | Build | Farm |
| 16:05 | Create | Villager (Male) |
| 16:09 | Build | Farm |
| 16:12 | Build | Farm |
| 16:38 | Research | Castle Age |
| 17:03 | Build | Mill |
| 17:24 | Research | Town Watch |
| 18:11 | Research | Fletching |
| 18:55 | Build | House |
| 19:11 | Build | House |
| 19:16 | Build | House |
| 19:18 | Age | Castle Age |
| 19:18 | Build | House |
| 19:23 | Build | Castle |
| 19:38 | Create | Villager (Male) |
| 19:38 | Create | Villager (Male) |
| 19:52 | Create | Villager (Male) |
| 19:52 | Create | Villager (Male) |
| 20:04 | Create | Conquistador |
| 20:04 | Create | Conquistador |
| 20:04 | Create | Conquistador |
| 20:05 | Create | Conquistador |
| 20:09 | Build | Stone Wall |
| 20:13 | Build | Gate |
| 20:19 | Build | House |
| 20:22 | Create | Villager (Male) |
| 20:22 | Create | Villager (Male) |
| 21:12 | Create | Petard |
| 21:12 | Create | Petard |
| 21:13 | Create | Petard |
| 21:17 | Create | Petard |
| 21:51 | Build | Town Center |
| 21:57 | Create | Villager (Male) |
| 21:59 | Create | Petard |
| 21:59 | Create | Petard |
| 22:25 | Create | Petard |
| 22:25 | Create | Petard |
| 22:41 | Build | Farm |
| 22:42 | Build | Farm |
| 22:44 | Build | Farm |
| 22:46 | Build | Farm |
| 22:47 | Create | Villager (Male) |
| 22:57 | Build | Farm |
| 23:12 | Create | Villager (Male) |
| 23:24 | Build | Farm |
| 23:25 | Build | Farm |
| 23:25 | Build | Farm |
| 23:26 | Build | Farm |
| 23:26 | Build | Farm |
| 23:26 | Build | Farm |
| 23:41 | Create | Petard |
| 23:53 | Build | Farm |
| 24:01 | Create | Petard |
| 24:24 | Create | Petard |
| 24:33 | Build | Farm |
| 24:34 | Build | Farm |
| 24:58 | Research | Bodkin Arrow |
| 25:04 | Build | Farm |
| 25:04 | Build | Farm |
| 25:05 | Build | Farm |
| 25:05 | Build | Farm |
| 25:06 | Build | Farm |
| 25:06 | Build | Farm |
| 25:16 | Create | Petard |
| 25:39 | Create | Villager (Male) |
| 25:40 | Create | Villager (Male) |
| 26:11 | Create | Petard |
| 26:12 | Create | Petard |
| 26:12 | Create | Petard |
| 26:35 | Create | Conquistador |
| 26:57 | Create | Conquistador |
| 26:57 | Create | Conquistador |
| 28:58 | Build | Town Center |
| 29:05 | Research | Wheelbarrow |
| 29:24 | Build | Town Center |
| 29:41 | Build | Siege Workshop |
| 29:46 | Create | Villager (Male) |
| 29:47 | Research | Double-Bit Axe |
| 30:14 | Create | Villager (Male) |
| 30:15 | Create | Villager (Male) |
| 30:32 | Create | Villager (Male) |
| 30:46 | Create | Mangonel |
| 30:54 | Create | Villager (Male) |
| 30:54 | Create | Villager (Male) |
| 30:54 | Create | Villager (Male) |
| 31:26 | Build | Farm |
| 31:27 | Build | Farm |
| 31:27 | Build | Farm |
| 31:27 | Build | Farm |
| 32:14 | Create | Battering Ram |
| 32:14 | Create | Villager (Male) |
| 32:14 | Create | Villager (Male) |
| 32:15 | Create | Villager (Male) |
| 32:15 | Create | Villager (Male) |
| 32:23 | Build | Farm |
Build order — Ch1ppy
First 150 of 280 actions detected
| 0:44 | Build | Town Center |
| 1:00 | Build | House |
| 2:45 | Create | Villager (Male) |
| 2:46 | Create | Villager (Male) |
| 2:46 | Create | Villager (Male) |
| 2:46 | Create | Villager (Male) |
| 2:54 | Research | Loom |
| 4:11 | Build | House |
| 4:15 | Build | House |
| 4:27 | Create | Villager (Male) |
| 4:33 | Create | Villager (Male) |
| 5:27 | Create | Villager (Male) |
| 5:27 | Create | Villager (Male) |
| 5:45 | Create | Villager (Male) |
| 6:37 | Create | Villager (Male) |
| 7:13 | Create | Villager (Male) |
| 7:18 | Create | Villager (Male) |
| 7:18 | Create | Villager (Male) |
| 7:21 | Create | Villager (Male) |
| 7:42 | Create | Villager (Male) |
| 7:42 | Create | Villager (Male) |
| 7:52 | Build | House |
| 8:27 | Build | Mill |
| 8:34 | Build | House |
| 8:57 | Build | House |
| 9:11 | Create | Villager (Male) |
| 9:33 | Build | Mining Camp |
| 10:01 | Create | Villager (Male) |
| 10:01 | Create | Villager (Male) |
| 10:18 | Build | House |
| 10:20 | Build | House |
| 10:20 | Build | House |
| 10:26 | Create | Villager (Male) |
| 10:52 | Create | Villager (Male) |
| 10:53 | Create | Villager (Male) |
| 10:53 | Create | Villager (Male) |
| 11:32 | Create | Villager (Male) |
| 12:02 | Build | Palisade Wall |
| 12:37 | Create | Villager (Male) |
| 12:56 | Research | Feudal Age |
| 13:09 | Build | Barracks |
| 13:27 | Build | Palisade Wall |
| 13:31 | Build | Palisade Gate |
| 13:43 | Create | Villager (Male) |
| 13:43 | Create | Villager (Male) |
| 14:47 | Build | Lumber Camp |
| 14:51 | Create | Villager (Male) |
| 15:06 | Age | Feudal Age |
| 15:31 | Build | Blacksmith |
| 15:33 | Create | Villager (Male) |
| 16:04 | Build | Mining Camp |
| 16:13 | Create | Villager (Male) |
| 16:36 | Create | Villager (Male) |
| 16:50 | Build | Market |
| 17:25 | Research | Double-Bit Axe |
| 17:34 | Research | Horse Collar |
| 17:44 | Create | Villager (Male) |
| 17:55 | Research | Castle Age |
| 17:56 | Create | Villager (Male) |
| 18:15 | Research | Wheelbarrow |
| 18:38 | Create | Villager (Male) |
| 19:00 | Build | Farm |
| 19:01 | Build | Farm |
| 19:02 | Build | Farm |
| 19:03 | Build | Farm |
| 19:04 | Build | Farm |
| 19:05 | Build | Farm |
| 19:06 | Build | Farm |
| 19:48 | Build | Farm |
| 19:49 | Build | Farm |
| 19:50 | Build | Farm |
| 20:18 | Build | Farm |
| 20:24 | Build | Farm |
| 20:49 | Age | Castle Age |
| 21:02 | Build | Castle |
| 21:06 | Research | Bow Saw |
| 21:08 | Create | Villager (Male) |
| 21:57 | Build | Town Center |
| 22:04 | Create | Villager (Male) |
| 22:05 | Create | Villager (Male) |
| 22:09 | Create | Camel Archer |
| 22:25 | Create | Villager (Male) |
| 22:44 | Build | Farm |
| 22:45 | Build | Farm |
| 22:47 | Create | Villager (Male) |
| 22:55 | Create | Camel Archer |
| 23:06 | Create | Villager (Male) |
| 23:32 | Build | Farm |
| 23:38 | Create | Villager (Male) |
| 23:39 | Create | Villager (Male) |
| 23:39 | Create | Villager (Male) |
| 24:17 | Create | Camel Archer |
| 24:32 | Build | Town Center |
| 24:45 | Create | Villager (Male) |
| 25:58 | Build | Lumber Camp |
| 26:06 | Research | Fletching |
| 26:28 | Build | Stone Wall |
| 26:31 | Create | Villager (Male) |
| 26:33 | Create | Villager (Male) |
| 26:33 | Create | Villager (Male) |
| 26:34 | Create | Villager (Male) |
| 26:38 | Build | Farm |
| 26:50 | Create | Camel Archer |
| 26:51 | Create | Camel Archer |
| 26:54 | Create | Villager (Male) |
| 26:55 | Create | Villager (Male) |
| 28:01 | Build | Castle |
| 28:09 | Create | Villager (Male) |
| 28:10 | Create | Villager (Male) |
| 28:11 | Create | Villager (Male) |
| 28:20 | Build | Farm |
| 28:22 | Build | Farm |
| 28:23 | Build | Farm |
| 28:24 | Build | Farm |
| 28:24 | Build | Farm |
| 28:25 | Build | Farm |
| 28:26 | Build | Farm |
| 28:32 | Create | Villager (Male) |
| 28:33 | Create | Villager (Male) |
| 28:41 | Create | Camel Archer |
| 28:41 | Create | Camel Archer |
| 28:42 | Create | Camel Archer |
| 29:02 | Create | Camel Archer |
| 29:06 | Create | Villager (Male) |
| 29:09 | Create | Villager (Male) |
| 29:09 | Create | Villager (Male) |
| 29:15 | Build | Town Center |
| 29:27 | Create | Camel Archer |
| 29:27 | Create | Camel Archer |
| 29:27 | Create | Camel Archer |
| 29:31 | Create | Villager (Male) |
| 29:31 | Create | Villager (Male) |
| 29:46 | Create | Camel Archer |
| 30:00 | Research | Padded Archer Armor |
| 30:05 | Create | Villager (Male) |
| 30:10 | Create | Villager (Male) |
| 30:17 | Create | Camel Archer |
| 30:27 | Build | Farm |
| 30:35 | Build | Farm |
| 30:38 | Create | Villager (Male) |
| 30:39 | Create | Villager (Male) |
| 30:40 | Create | Villager (Male) |
| 30:45 | Build | Farm |
| 30:54 | Build | Farm |
| 30:59 | Research | Bodkin Arrow |
| 31:12 | Create | Villager (Male) |
| 31:12 | Create | Villager (Male) |
| 31:12 | Create | Villager (Male) |
| 31:29 | Build | Farm |
| 31:30 | Build | Farm |
Build order — ScORpIoN
First 150 of 274 actions detected
| 0:34 | Build | Town Center |
| 2:40 | Create | Villager (Male) |
| 2:40 | Create | Villager (Male) |
| 2:41 | Build | House |
| 3:06 | Create | Villager (Male) |
| 3:07 | Create | Villager (Male) |
| 3:09 | Build | House |
| 3:13 | Build | House |
| 3:19 | Build | House |
| 3:21 | Build | Palisade Wall |
| 3:51 | Create | Villager (Male) |
| 4:35 | Create | Villager (Male) |
| 4:35 | Create | Villager (Male) |
| 5:23 | Build | Palisade Wall |
| 5:28 | Build | Palisade Gate |
| 5:37 | Research | Loom |
| 5:46 | Build | House |
| 5:47 | Create | Villager (Male) |
| 5:47 | Create | Villager (Male) |
| 5:55 | Build | House |
| 6:22 | Build | Palisade Wall |
| 6:23 | Build | Palisade Wall |
| 7:02 | Build | Palisade Gate |
| 7:04 | Build | Palisade Wall |
| 7:06 | Create | Villager (Male) |
| 7:07 | Create | Villager (Male) |
| 7:07 | Create | Villager (Male) |
| 7:21 | Create | Villager (Male) |
| 7:22 | Create | Villager (Male) |
| 7:56 | Build | Palisade Wall |
| 8:35 | Create | Villager (Male) |
| 8:35 | Create | Villager (Male) |
| 8:35 | Create | Villager (Male) |
| 8:52 | Build | Palisade Wall |
| 8:53 | Build | Palisade Wall |
| 9:11 | Create | Villager (Male) |
| 9:43 | Build | Mill |
| 10:15 | Build | Outpost |
| 10:19 | Create | Villager (Male) |
| 10:20 | Create | Villager (Male) |
| 10:21 | Create | Villager (Male) |
| 11:18 | Build | Mining Camp |
| 11:41 | Create | Villager (Male) |
| 11:41 | Create | Villager (Male) |
| 11:44 | Create | Villager (Male) |
| 12:52 | Build | Palisade Gate |
| 12:55 | Build | Palisade Wall |
| 13:00 | Research | Feudal Age |
| 13:09 | Build | Farm |
| 13:12 | Build | Farm |
| 13:21 | Build | Farm |
| 13:23 | Build | Farm |
| 14:11 | Create | Villager (Male) |
| 14:12 | Create | Villager (Male) |
| 14:44 | Build | Mill |
| 15:10 | Age | Feudal Age |
| 15:22 | Build | Market |
| 15:26 | Build | Blacksmith |
| 16:00 | Build | Mining Camp |
| 16:24 | Research | Castle Age |
| 16:48 | Build | House |
| 16:52 | Build | Palisade Wall |
| 16:57 | Research | Horse Collar |
| 17:52 | Create | Villager (Male) |
| 17:52 | Create | Villager (Male) |
| 19:04 | Age | Castle Age |
| 19:41 | Build | Lumber Camp |
| 19:46 | Build | Castle |
| 19:51 | Build | Palisade Wall |
| 19:54 | Build | Palisade Wall |
| 19:56 | Build | House |
| 19:58 | Build | House |
| 20:17 | Build | Stone Wall |
| 20:58 | Create | Villager (Male) |
| 20:58 | Create | Villager (Male) |
| 21:15 | Create | Arambai |
| 21:16 | Create | Arambai |
| 21:25 | Build | Siege Workshop |
| 21:36 | Build | Mill |
| 21:41 | Create | Villager (Male) |
| 21:46 | Create | Arambai |
| 22:00 | Create | Arambai |
| 22:26 | Create | Arambai |
| 23:10 | Create | Arambai |
| 23:27 | Create | Arambai |
| 23:28 | Create | Villager (Male) |
| 23:28 | Create | Arambai |
| 23:48 | Create | Villager (Male) |
| 23:48 | Create | Arambai |
| 23:53 | Create | Villager (Male) |
| 23:55 | Research | Padded Archer Armor |
| 23:57 | Create | Villager (Male) |
| 24:06 | Create | Villager (Male) |
| 24:06 | Create | Arambai |
| 24:15 | Create | Mangonel |
| 24:39 | Create | Villager (Male) |
| 24:39 | Create | Arambai |
| 24:42 | Build | Farm |
| 24:46 | Create | Villager (Male) |
| 25:33 | Create | Villager (Male) |
| 25:33 | Create | Arambai |
| 26:05 | Create | Villager (Male) |
| 26:05 | Create | Arambai |
| 26:16 | Build | Town Center |
| 26:21 | Create | Villager (Male) |
| 26:21 | Create | Arambai |
| 26:48 | Create | Mangonel |
| 26:51 | Create | Villager (Male) |
| 26:52 | Create | Arambai |
| 26:56 | Create | Villager (Male) |
| 27:20 | Build | Outpost |
| 27:35 | Create | Arambai |
| 27:35 | Create | Arambai |
| 27:40 | Build | House |
| 27:45 | Create | Villager (Male) |
| 27:45 | Create | Arambai |
| 27:55 | Create | Villager (Male) |
| 27:56 | Create | Arambai |
| 28:12 | Create | Villager (Male) |
| 28:12 | Create | Arambai |
| 28:45 | Create | Villager (Male) |
| 28:45 | Create | Arambai |
| 29:03 | Create | Villager (Male) |
| 29:03 | Create | Arambai |
| 29:07 | Create | Villager (Male) |
| 29:07 | Create | Arambai |
| 29:09 | Build | Farm |
| 29:09 | Create | Villager (Male) |
| 29:14 | Build | Farm |
| 29:41 | Build | Farm |
| 29:43 | Build | Farm |
| 29:53 | Create | Villager (Male) |
| 29:53 | Create | Arambai |
| 29:57 | Build | Farm |
| 29:58 | Build | Farm |
| 30:00 | Create | Villager (Male) |
| 30:04 | Create | Villager (Male) |
| 30:04 | Create | Arambai |
| 30:12 | Build | Farm |
| 30:17 | Create | Villager (Male) |
| 30:17 | Create | Arambai |
| 30:21 | Create | Villager (Male) |
| 30:21 | Create | Arambai |
| 30:22 | Create | Mangonel |
| 30:27 | Build | House |
| 30:27 | Build | House |
| 30:28 | Build | House |
| 30:49 | Create | Villager (Male) |
| 30:49 | Create | Arambai |
| 31:03 | Create | Mangonel |
Build order — Professor Christophe
First 150 of 199 actions detected
| 0:30 | Build | Town Center |
| 2:10 | Build | House |
| 2:14 | Research | Loom |
| 2:15 | Research | Loom |
| 2:16 | Create | Villager (Male) ×4 |
| 2:16 | Create | Villager (Male) ×4 |
| 4:16 | Build | House |
| 4:21 | Create | Villager (Male) |
| 4:22 | Create | Villager (Male) |
| 4:22 | Create | Villager (Male) |
| 4:22 | Create | Villager (Male) |
| 5:00 | Create | Villager (Male) |
| 5:00 | Create | Villager (Male) |
| 5:00 | Create | Villager (Male) |
| 5:34 | Create | Villager (Male) |
| 5:35 | Create | Villager (Male) |
| 5:55 | Build | Lumber Camp |
| 6:20 | Create | Villager (Male) |
| 6:20 | Create | Villager (Male) |
| 6:20 | Create | Villager (Male) |
| 7:17 | Create | Villager (Male) |
| 7:17 | Create | Villager (Male) |
| 7:17 | Create | Villager (Male) |
| 7:18 | Create | Villager (Male) |
| 7:28 | Build | House |
| 8:14 | Create | Villager (Male) |
| 8:15 | Create | Villager (Male) |
| 8:15 | Create | Villager (Male) |
| 8:35 | Build | House |
| 8:56 | Build | Mill |
| 9:17 | Create | Villager (Male) |
| 9:47 | Create | Villager (Male) |
| 9:55 | Create | Villager (Male) |
| 10:13 | Build | House |
| 10:39 | Research | Feudal Age |
| 12:19 | Build | House |
| 12:34 | Create | Villager (Male) |
| 12:35 | Create | Villager (Male) |
| 12:35 | Create | Villager (Male) |
| 12:49 | Age | Feudal Age |
| 12:58 | Build | Market |
| 13:11 | Build | Blacksmith |
| 13:40 | Build | Mining Camp |
| 14:17 | Build | Palisade Wall |
| 14:32 | Build | House |
| 14:47 | Build | House |
| 15:01 | Build | House |
| 15:18 | Research | Castle Age |
| 17:41 | Create | Villager (Male) |
| 17:41 | Create | Villager (Male) |
| 17:41 | Create | Villager (Male) |
| 17:41 | Create | Villager (Male) |
| 17:58 | Age | Castle Age |
| 18:11 | Build | Castle |
| 18:48 | Build | Town Center |
| 19:09 | Create | Mangudai |
| 19:09 | Create | Mangudai |
| 19:40 | Create | Villager (Male) |
| 19:40 | Create | Villager (Male) |
| 19:40 | Create | Villager (Male) |
| 19:47 | Create | Villager (Male) |
| 19:47 | Create | Villager (Male) |
| 19:47 | Create | Villager (Male) |
| 20:22 | Create | Villager (Male) |
| 20:39 | Create | Mangudai |
| 20:39 | Create | Mangudai |
| 20:50 | Create | Villager (Male) |
| 20:50 | Create | Villager (Male) |
| 21:08 | Build | Siege Workshop |
| 21:15 | Create | Villager (Male) |
| 21:16 | Create | Villager (Male) |
| 21:36 | Create | Villager (Male) |
| 21:36 | Create | Villager (Male) |
| 21:48 | Create | Mangudai |
| 21:59 | Create | Battering Ram |
| 21:59 | Create | Battering Ram |
| 22:04 | Create | Villager (Male) |
| 22:04 | Create | Villager (Male) |
| 22:23 | Create | Villager (Male) |
| 22:24 | Create | Villager (Male) |
| 22:32 | Create | Battering Ram |
| 22:51 | Build | Mining Camp |
| 22:59 | Create | Villager (Male) |
| 23:00 | Create | Villager (Male) |
| 23:12 | Create | Battering Ram |
| 23:12 | Create | Battering Ram |
| 23:23 | Build | Farm |
| 23:48 | Create | Battering Ram |
| 23:51 | Create | Villager (Male) |
| 23:52 | Create | Villager (Male) |
| 23:56 | Build | Farm |
| 24:00 | Build | Farm |
| 24:08 | Build | Farm |
| 24:15 | Build | House |
| 24:16 | Build | House |
| 24:30 | Create | Battering Ram |
| 24:44 | Build | House |
| 24:45 | Build | House |
| 24:48 | Create | Villager (Male) |
| 24:49 | Create | Villager (Male) |
| 24:56 | Create | Mangudai |
| 24:59 | Create | Battering Ram |
| 24:59 | Create | Battering Ram |
| 25:05 | Build | House |
| 25:05 | Build | House |
| 25:06 | Build | House |
| 25:06 | Build | House |
| 25:06 | Build | House |
| 25:07 | Build | House |
| 25:19 | Create | Mangudai |
| 25:23 | Create | Villager (Male) |
| 25:24 | Create | Villager (Male) |
| 25:33 | Build | Farm |
| 25:39 | Build | Farm |
| 25:43 | Build | Farm |
| 25:51 | Create | Battering Ram |
| 25:52 | Create | Battering Ram |
| 26:04 | Build | Farm |
| 26:48 | Build | Barracks |
| 27:04 | Build | Farm |
| 27:05 | Build | Farm |
| 27:05 | Build | Farm |
| 28:46 | Create | Scorpion |
| 28:46 | Create | Scorpion |
| 28:46 | Create | Scorpion |
| 28:54 | Build | Stable |
| 28:55 | Build | Stable |
| 28:55 | Build | Stable |
| 29:05 | Build | Farm |
| 29:05 | Build | Farm |
| 29:10 | Build | Lumber Camp |
| 29:14 | Create | Villager (Male) |
| 29:14 | Create | Villager (Male) |
| 29:14 | Create | Villager (Male) |
| 29:15 | Create | Villager (Male) |
| 29:17 | Research | Scale Barding Armor |
| 29:26 | Build | Farm |
| 29:59 | Build | House |
| 30:01 | Build | House |
| 30:16 | Create | Scorpion |
| 30:24 | Research | Fletching |
| 30:52 | Create | Scorpion |
| 31:07 | Build | University |
| 31:31 | Create | Scorpion |
| 31:35 | Create | Villager (Male) |
| 31:35 | Create | Villager (Male) |
| 31:35 | Create | Villager (Male) |
| 31:35 | Create | Villager (Male) |
| 31:36 | Create | Villager (Male) |
| 31:36 | Create | Villager (Male) |
Build order — seyfildur
First 150 of 261 actions detected
| 0:27 | Build | House |
| 1:03 | Build | Town Center |
| 3:06 | Create | Villager (Male) |
| 3:07 | Create | Villager (Male) |
| 3:07 | Create | Villager (Male) |
| 3:07 | Create | Villager (Male) |
| 3:07 | Create | Villager (Male) |
| 3:37 | Build | House |
| 3:41 | Research | Loom |
| 4:06 | Build | House |
| 5:00 | Create | Villager (Male) |
| 5:21 | Create | Villager (Male) |
| 5:21 | Create | Villager (Male) |
| 6:06 | Create | Villager (Male) |
| 6:06 | Create | Villager (Male) |
| 6:07 | Create | Villager (Male) |
| 6:57 | Create | Villager (Male) |
| 7:12 | Create | Villager (Male) |
| 7:12 | Create | Villager (Male) |
| 7:54 | Create | Villager (Male) |
| 7:54 | Create | Villager (Male) |
| 8:39 | Create | Villager (Male) |
| 9:04 | Build | Settlement |
| 9:37 | Create | Villager (Male) |
| 10:13 | Create | Villager (Male) |
| 10:14 | Create | Villager (Male) |
| 11:05 | Build | Settlement |
| 11:08 | Research | Feudal Age |
| 12:53 | Create | Villager (Male) |
| 12:53 | Create | Villager (Male) |
| 13:18 | Age | Feudal Age |
| 13:30 | Research | Double-Bit Axe |
| 13:33 | Research | Horse Collar |
| 14:12 | Create | Villager (Male) |
| 14:12 | Create | Villager (Male) |
| 14:28 | Build | Farm |
| 14:29 | Build | Farm |
| 14:30 | Build | Farm |
| 14:30 | Build | Farm |
| 14:31 | Build | Farm |
| 14:32 | Build | Farm |
| 14:40 | Create | Villager (Male) |
| 14:40 | Create | Villager (Male) |
| 14:54 | Create | Villager (Male) |
| 15:31 | Build | Settlement |
| 15:59 | Build | Settlement |
| 16:15 | Build | Farm |
| 16:17 | Create | Villager (Male) |
| 16:17 | Create | Villager (Male) |
| 16:44 | Create | Villager (Male) |
| 17:13 | Build | Market |
| 17:32 | Create | Villager (Male) |
| 17:32 | Create | Villager (Male) |
| 17:38 | Create | Villager (Male) |
| 18:08 | Build | Blacksmith |
| 18:55 | Research | Castle Age |
| 18:57 | Create | Villager (Male) |
| 18:57 | Create | Villager (Male) |
| 19:52 | Research | Gold Mining |
| 19:53 | Research | Stone Mining |
| 19:56 | Research | Scale Mail Armor |
| 20:03 | Build | Barracks |
| 20:38 | Build | Barracks |
| 20:45 | Build | Stone Wall |
| 20:59 | Research | Forging |
| 21:35 | Age | Castle Age |
| 21:44 | Build | Town Center |
| 21:59 | Research | Tech 1402 |
| 22:14 | Create | Villager (Male) |
| 22:14 | Create | Villager (Male) |
| 22:15 | Create | Villager (Male) |
| 22:15 | Create | Villager (Male) |
| 22:17 | Research | Wheelbarrow |
| 22:21 | Create | Unit 2550 |
| 22:21 | Create | Unit 2550 |
| 22:48 | Create | Unit 2550 |
| 22:48 | Create | Unit 2550 |
| 23:13 | Create | Villager (Male) |
| 23:13 | Create | Villager (Male) |
| 23:14 | Create | Villager (Male) |
| 23:14 | Create | Villager (Male) |
| 23:21 | Create | Villager (Male) |
| 23:21 | Create | Villager (Male) |
| 23:34 | Build | Town Center |
| 23:35 | Build | Farm |
| 23:36 | Build | Farm |
| 23:37 | Build | Farm |
| 23:37 | Build | Farm |
| 23:38 | Build | Farm |
| 24:01 | Build | Farm |
| 24:31 | Create | Villager (Male) |
| 24:32 | Create | Villager (Male) |
| 24:33 | Create | Villager (Male) |
| 24:37 | Build | Farm |
| 24:37 | Build | Farm |
| 25:05 | Create | Unit 2550 |
| 25:05 | Create | Unit 2550 |
| 25:17 | Create | Villager (Male) |
| 25:43 | Create | Villager (Male) |
| 25:44 | Create | Villager (Male) |
| 25:58 | Create | Unit 2550 |
| 25:58 | Create | Unit 2550 |
| 26:00 | Create | Villager (Male) |
| 26:09 | Build | Farm |
| 26:09 | Build | Farm |
| 26:10 | Build | Farm |
| 26:10 | Build | Farm |
| 26:10 | Build | Farm |
| 26:11 | Build | Farm |
| 26:11 | Build | Farm |
| 26:19 | Create | Villager (Male) |
| 26:41 | Build | Castle |
| 26:46 | Create | Unit 2550 |
| 26:47 | Create | Unit 2550 |
| 26:47 | Create | Unit 2550 |
| 26:54 | Build | Stone Wall |
| 26:55 | Build | Stone Wall |
| 26:59 | Build | Stone Wall |
| 27:47 | Build | Siege Workshop |
| 27:52 | Create | Villager (Male) |
| 27:53 | Create | Villager (Male) |
| 27:53 | Create | Villager (Male) |
| 28:48 | Build | House |
| 29:19 | Build | Settlement |
| 29:22 | Create | Villager (Male) |
| 29:22 | Create | Villager (Male) |
| 29:23 | Create | Villager (Male) |
| 29:43 | Create | Mangonel |
| 30:06 | Create | Villager (Male) |
| 30:07 | Create | Villager (Male) |
| 30:09 | Create | Villager (Male) |
| 30:16 | Build | University |
| 30:18 | Create | Villager (Male) |
| 30:19 | Create | Villager (Male) |
| 30:19 | Create | Villager (Male) |
| 30:20 | Create | Villager (Male) |
| 30:20 | Create | Villager (Male) |
| 30:27 | Create | Villager (Male) |
| 30:29 | Create | Villager (Male) |
| 30:29 | Create | Villager (Male) |
| 30:49 | Create | Mangonel |
| 31:21 | Research | Imperial Age |
| 31:31 | Create | Unit 2550 |
| 31:33 | Create | Villager (Male) |
| 31:33 | Create | Villager (Male) |
| 32:19 | Research | Squires |
| 32:35 | Build | Castle |
| 32:52 | Build | House |
| 32:55 | Build | House |
| 33:07 | Research | Pikeman (upgrade) |
Build order — 4-_-Dreams
First 150 of 263 actions detected
| 0:43 | Build | Town Center |
| 1:42 | Build | House |
| 2:26 | Create | Villager (Male) |
| 2:26 | Create | Villager (Male) |
| 2:26 | Create | Villager (Male) |
| 2:29 | Create | Villager (Male) |
| 2:29 | Create | Villager (Male) |
| 2:49 | Build | House |
| 3:32 | Create | Villager (Male) |
| 3:36 | Build | House |
| 4:34 | Research | Loom |
| 5:15 | Create | Villager (Male) |
| 5:15 | Create | Villager (Male) |
| 5:19 | Build | House |
| 5:39 | Create | Villager (Male) |
| 5:39 | Create | Villager (Male) |
| 6:32 | Create | Villager (Male) |
| 6:32 | Create | Villager (Male) |
| 7:31 | Create | Villager (Male) |
| 7:31 | Create | Villager (Male) |
| 7:32 | Create | Villager (Male) |
| 7:32 | Create | Villager (Male) |
| 8:05 | Create | Villager (Male) |
| 8:43 | Create | Villager (Male) |
| 8:44 | Create | Villager (Male) |
| 8:54 | Build | Mill |
| 9:02 | Create | Villager (Male) |
| 9:51 | Build | Lumber Camp |
| 9:54 | Create | Villager (Male) |
| 10:54 | Research | Feudal Age |
| 11:00 | Build | Mining Camp |
| 11:02 | Create | Villager (Male) |
| 11:33 | Create | Villager (Male) |
| 11:39 | Build | House |
| 11:46 | Create | Villager (Male) |
| 11:46 | Create | Villager (Male) |
| 12:17 | Build | House |
| 12:58 | Age | Feudal Age |
| 13:09 | Build | Market |
| 13:15 | Build | Blacksmith |
| 13:24 | Build | Farm |
| 13:29 | Build | Farm |
| 13:32 | Build | Farm |
| 13:33 | Build | Farm |
| 13:35 | Create | Villager (Male) |
| 14:47 | Build | Farm |
| 14:55 | Create | Villager (Male) |
| 15:49 | Create | Villager (Male) |
| 15:54 | Build | Farm |
| 15:58 | Build | Farm |
| 16:25 | Research | Castle Age |
| 16:40 | Build | Farm |
| 16:57 | Research | Double-Bit Axe |
| 16:59 | Research | Gold Mining |
| 17:10 | Research | Horse Collar |
| 17:59 | Research | Wheelbarrow |
| 18:09 | Build | House |
| 18:51 | Age | Castle Age |
| 18:52 | Research | Heavy Plow |
| 18:54 | Create | Villager (Male) |
| 19:00 | Build | Town Center |
| 19:16 | Build | Town Center |
| 19:28 | Build | Farm |
| 19:32 | Create | Villager (Male) |
| 19:33 | Create | Villager (Male) |
| 19:38 | Build | Lumber Camp |
| 19:53 | Build | House |
| 20:08 | Create | Villager (Male) |
| 20:12 | Build | Lumber Camp |
| 20:28 | Create | Villager (Male) |
| 20:28 | Create | Villager (Male) |
| 20:30 | Create | Villager (Male) |
| 21:09 | Build | Farm |
| 21:10 | Create | Villager (Male) |
| 21:11 | Create | Villager (Male) |
| 21:11 | Create | Villager (Male) |
| 21:24 | Build | Farm |
| 21:25 | Build | Farm |
| 21:26 | Build | Farm |
| 21:27 | Build | Farm |
| 21:31 | Build | Farm |
| 21:32 | Build | Farm |
| 21:39 | Build | Farm |
| 21:44 | Build | Farm |
| 21:46 | Create | Villager (Male) ×2 |
| 21:58 | Create | Villager (Male) |
| 22:09 | Create | Villager (Male) |
| 22:18 | Build | Farm |
| 22:20 | Build | Farm |
| 22:22 | Create | Villager (Male) |
| 22:30 | Build | Farm |
| 22:31 | Build | Farm |
| 22:36 | Build | House |
| 22:38 | Create | Villager (Male) |
| 22:46 | Build | Farm |
| 22:47 | Build | Farm |
| 22:48 | Create | Villager (Male) |
| 22:52 | Create | Villager (Male) ×3 |
| 23:07 | Build | Barracks |
| 23:12 | Build | House |
| 23:13 | Build | House |
| 23:17 | Create | Villager (Male) ×2 |
| 23:27 | Create | Villager (Male) |
| 23:31 | Create | Villager (Male) |
| 23:34 | Create | Villager (Male) |
| 24:03 | Create | Villager (Male) ×5 |
| 24:04 | Create | Villager (Male) |
| 24:10 | Create | Villager (Male) |
| 24:13 | Build | House |
| 24:14 | Build | House |
| 24:16 | Create | Villager (Male) |
| 24:27 | Build | House |
| 24:27 | Build | House |
| 24:34 | Create | Villager (Male) ×3 |
| 24:35 | Create | Villager (Male) |
| 24:40 | Build | Town Center |
| 24:44 | Build | Farm |
| 24:48 | Build | Farm |
| 24:49 | Create | Villager (Male) ×2 |
| 24:57 | Build | Farm |
| 25:02 | Create | Villager (Male) |
| 25:30 | Build | Stable |
| 25:33 | Create | Villager (Male) ×5 |
| 25:33 | Create | Villager (Male) ×2 |
| 25:46 | Build | Farm |
| 25:49 | Build | House |
| 25:53 | Create | Villager (Male) |
| 25:54 | Create | Villager (Male) |
| 25:54 | Create | Villager (Male) |
| 25:54 | Create | Villager (Male) |
| 26:00 | Research | Hand Cart |
| 26:12 | Build | House |
| 26:13 | Build | House |
| 26:15 | Create | Villager (Male) ×2 |
| 26:29 | Research | Gold Shaft Mining |
| 26:42 | Build | Stable |
| 26:45 | Research | Husbandry |
| 26:45 | Research | Bloodlines |
| 26:50 | Build | House |
| 27:04 | Build | Lumber Camp |
| 27:06 | Create | Villager (Male) |
| 27:08 | Create | Villager (Male) |
| 27:09 | Create | Villager (Male) |
| 27:18 | Create | Knight ×3 |
| 27:25 | Build | Stable |
| 27:37 | Create | Knight ×3 |
| 27:44 | Build | Farm |
| 27:45 | Create | Villager (Male) |
| 28:00 | Research | Scale Barding Armor |
| 28:01 | Research | Forging |
Match timeline
| 1:01 | Raggamuffin' · wall_segment Palisade Wall x1 |
| 1:58 | Alina · wall_segment Palisade Wall x1 |
| 1:59 | Alina · wall_segment Palisade Wall x1 |
| 3:21 | ScORpIoN · wall_segment Palisade Wall x1 |
| 5:23 | ScORpIoN · wall_segment Palisade Wall x1 |
| 6:22 | ScORpIoN · wall_segment Palisade Wall x1 |
| 6:23 | ScORpIoN · wall_segment Palisade Wall x1 |
| 7:04 | ScORpIoN · wall_segment Palisade Wall x9 |
| 7:56 | ScORpIoN · wall_segment Palisade Wall x8 |
| 8:52 | ScORpIoN · wall_segment Palisade Wall x4 |
| 8:53 | ScORpIoN · wall_segment Palisade Wall x1 |
| 9:08 | Raggamuffin' · wall_segment Palisade Wall x9 |
| 9:52 | Raggamuffin' · wall_segment Palisade Wall x1 |
| 9:54 | Raggamuffin' · wall_segment Palisade Wall x6 |
| 9:56 | Raggamuffin' · wall_segment Palisade Wall x9 |
| 12:02 | Ch1ppy · wall_segment Palisade Wall x11 |
| 12:49 | Professor Christophe · age_up feudal |
| 12:55 | ScORpIoN · wall_segment Palisade Wall x11 |
| 12:58 | 4-_-Dreams · age_up feudal |
| 13:09 | Ch1ppy · first_building Barracks |
| 13:18 | seyfildur · age_up feudal |
| 13:26 | Alina · wall_segment Palisade Wall x5 |
| 13:27 | Ch1ppy · wall_segment Palisade Wall x13 |
| 13:35 | ShellyBlackJack · age_up feudal |
| 14:17 | Professor Christophe · wall_segment Palisade Wall x1 |
| 14:31 | Alina · age_up feudal |
| 14:44 | Raggamuffin' · age_up feudal |
| 14:51 | Alina · wall_segment Palisade Wall x1 |
| 15:06 | Ch1ppy · age_up feudal |
| 15:10 | ScORpIoN · age_up feudal |
| 16:12 | 4-_-Dreams · first_market_sell 100 wood |
| 16:12 | 4-_-Dreams · first_market_buy 100 food |
| 16:15 | ScORpIoN · first_market_buy 100 food |
| 16:46 | Raggamuffin' · wall_segment Palisade Wall x1 |
| 16:46 | Raggamuffin' · wall_segment Palisade Wall x1 |
| 16:47 | Raggamuffin' · wall_segment Palisade Wall x1 |
| 16:52 | ScORpIoN · wall_segment Palisade Wall x3 |
| 16:52 | Raggamuffin' · wall_segment Palisade Wall x1 |
| 16:53 | Raggamuffin' · wall_segment Palisade Wall x1 |
| 16:56 | Raggamuffin' · wall_segment Palisade Wall x8 |
| 17:05 | ShellyBlackJack · age_up castle |
| 17:17 | ShellyBlackJack · first_building Castle |
| 17:58 | Professor Christophe · age_up castle |
| 18:11 | Professor Christophe · first_building Castle |
| 18:41 | Raggamuffin' · age_up castle |
| 18:51 | 4-_-Dreams · age_up castle |
| 18:51 | Raggamuffin' · first_building Castle |
| 18:54 | seyfildur · first_market_sell 100 stone |
| 19:04 | ScORpIoN · age_up castle |
| 19:06 | Professor Christophe · first_market_buy 100 wood |
| 19:18 | Alina · age_up castle |
| 19:23 | Alina · first_building Castle |
| 19:36 | Raggamuffin' · first_market_buy 100 wood |
| 19:42 | Raggamuffin' · first_building Siege Workshop |
| 19:46 | ScORpIoN · first_building Castle |
| 19:51 | ScORpIoN · wall_segment Palisade Wall x1 |
| 19:54 | ScORpIoN · wall_segment Palisade Wall x1 |
| 20:03 | seyfildur · first_building Barracks |
| 20:09 | Alina · wall_segment Stone Wall x2 |
| 20:16 | ShellyBlackJack · first_building Barracks |
| 20:17 | ScORpIoN · wall_segment Stone Wall x8 |
| 20:45 | seyfildur · wall_segment Stone Wall x1 |
| 20:49 | Ch1ppy · age_up castle |
| 21:02 | Ch1ppy · first_building Castle |
| 21:08 | Professor Christophe · first_building Siege Workshop |
| 21:15 | Alina · first_market_sell 100 wood |
| 21:25 | ScORpIoN · first_building Siege Workshop |
| 21:35 | seyfildur · age_up castle |
| 22:51 | ShellyBlackJack · first_building Stable |
| 23:07 | 4-_-Dreams · first_building Barracks |
| 24:44 | Raggamuffin' · wall_segment Palisade Wall x5 |
| 25:30 | 4-_-Dreams · first_building Stable |
| 26:28 | Ch1ppy · wall_segment Stone Wall x2 |
| 26:41 | seyfildur · first_building Castle |
| 26:48 | Professor Christophe · first_building Barracks |
| 26:54 | seyfildur · wall_segment Stone Wall x1 |
| 26:55 | seyfildur · wall_segment Stone Wall x1 |
| 26:59 | seyfildur · wall_segment Stone Wall x1 |
| 27:34 | seyfildur · first_market_buy 100 wood |
| 27:47 | seyfildur · first_building Siege Workshop |
| 28:51 | ShellyBlackJack · tribute_sent a jugador 2 |
| 28:51 | ShellyBlackJack · tribute_sent a jugador 3 |
| 28:51 | ShellyBlackJack · tribute_sent a jugador 4 |
| 28:51 | ShellyBlackJack · tribute_sent a jugador 5 |
| 28:51 | ShellyBlackJack · tribute_sent a jugador 6 |
| 28:51 | ShellyBlackJack · tribute_sent a jugador 7 |
| 28:51 | ShellyBlackJack · tribute_sent a jugador 8 |
| 28:54 | Professor Christophe · first_building Stable |
| 28:56 | 4-_-Dreams · tribute_sent a jugador 1 |
| 28:56 | 4-_-Dreams · tribute_sent a jugador 2 |
| 28:56 | 4-_-Dreams · tribute_sent a jugador 3 |
| 28:56 | 4-_-Dreams · tribute_sent a jugador 4 |
| 28:56 | 4-_-Dreams · tribute_sent a jugador 5 |
| 28:56 | 4-_-Dreams · tribute_sent a jugador 6 |
| 28:56 | 4-_-Dreams · tribute_sent a jugador 8 |
| 29:20 | 4-_-Dreams · tribute_sent a jugador 1 |
| 29:20 | 4-_-Dreams · tribute_sent a jugador 2 |
| 29:20 | 4-_-Dreams · tribute_sent a jugador 3 |
| 29:20 | 4-_-Dreams · tribute_sent a jugador 4 |
| 29:20 | 4-_-Dreams · tribute_sent a jugador 5 |
| 29:20 | 4-_-Dreams · tribute_sent a jugador 6 |
| 29:20 | 4-_-Dreams · tribute_sent a jugador 8 |
| 29:41 | Alina · first_building Siege Workshop |
| 30:10 | Raggamuffin' · first_market_sell 500 wood |
| 30:49 | 4-_-Dreams · first_building Monastery |
| 30:58 | Ch1ppy · first_market_buy 100 food |
| 31:04 | Raggamuffin' · wall_segment Palisade Wall x9 |
| 32:08 | ShellyBlackJack · first_building Archery Range |
| 32:10 | 4-_-Dreams · tribute_sent a jugador 1 |
| 32:10 | 4-_-Dreams · tribute_sent a jugador 2 |
| 32:10 | 4-_-Dreams · tribute_sent a jugador 3 |
| 32:10 | 4-_-Dreams · tribute_sent a jugador 4 |
| 32:10 | 4-_-Dreams · tribute_sent a jugador 5 |
| 32:10 | 4-_-Dreams · tribute_sent a jugador 6 |
| 32:10 | 4-_-Dreams · tribute_sent a jugador 8 |
| 32:25 | ShellyBlackJack · wall_segment Stone Wall x2 |
| 33:07 | ScORpIoN · first_building Barracks |
| 34:18 | 4-_-Dreams · age_up imperial |
| 34:23 | Professor Christophe · first_market_sell 100 wood |
| 34:31 | seyfildur · age_up imperial |
| 34:33 | ShellyBlackJack · tribute_sent a jugador 2 |
| 34:33 | ShellyBlackJack · tribute_sent a jugador 3 |
| 34:33 | ShellyBlackJack · tribute_sent a jugador 4 |
| 34:33 | ShellyBlackJack · tribute_sent a jugador 5 |
| 34:33 | ShellyBlackJack · tribute_sent a jugador 6 |
| 34:33 | ShellyBlackJack · tribute_sent a jugador 7 |
| 34:33 | ShellyBlackJack · tribute_sent a jugador 8 |
| 34:34 | ScORpIoN · first_building Stable |
| 35:56 | ScORpIoN · wall_segment Stone Wall x4 |
| 35:58 | ShellyBlackJack · first_market_sell 100 wood |
| 38:44 | ShellyBlackJack · wall_segment Stone Wall x4 |
| 38:51 | Raggamuffin' · resign |
| 39:10 | ShellyBlackJack · age_up imperial |
| 40:21 | ScORpIoN · first_market_sell 500 food |
| 40:33 | Ch1ppy · age_up imperial |
[ AI ANALYSIS · 1 CREDIT ]
What really happened in this match?
Wolo.gg analyzes every decision: build order, eco, micro, common mistakes by bracket. Personalized analysis on WhatsApp or Discord in 30 seconds.
Civ guide
Japanese
Perfil
Jugador #5637155